 Dungeon Crawl Stone Soup version 0.21.1-1-g345015f (webtiles) character file.

75 Zubo the Conjurer (level 4, 0/30 HPs)
             Began as a Human Conjurer on June 19, 2018.
             Was an Initiate of Sif Muna.
             Slain by a worker ant (4 damage)
             ... on level 2 of the Dungeon.
             The game lasted 00:08:02 (2654 turns).

Zubo the Conjurer (Human Conjurer)                  Turns: 2654, Time: 00:08:02

Health: 0/30       AC:  2    Str:  8    XL:     4   Next: 55%
Magic:  0/8        EV: 13    Int: 16    God:    Sif Muna [......]
Gold:   111        SH:  0    Dex: 14    Spells: 1/8 levels left

rFire    . . .     SeeInvis .   k - -2 dagger (curse)
rCold    . . .     Gourm    .   (no shield)
rNeg     . . .     Faith    .   a - +0 robe
rPois    .         Spirit   .   (no helmet)
rElec    .         Reflect  .   (no cloak)
rCorr    .         Harm     .   (no gloves)
MR       .....                  (no boots)
Stlth    ++........             (no amulet)
HPRegen  0.10/turn              (no ring)
MPRegen  0.11/turn              (no ring)

@: lethally poisoned (0 -> -11)
A: no striking features
a: Renounce Religion


You were on level 2 of the Dungeon.
You worshipped Sif Muna.
Sif Muna was noncommittal.
You were hungry.

You visited 1 branch of the dungeon, and saw 3 of its levels.

You collected 111 gold pieces.

Inventory:

Hand Weapons
 f - a +0 club
 k - a cursed -2 dagger (weapon)
Armour
 a - a +0 robe (worn)
Jewellery
 d - an uncursed ring of protection from fire {unknown}
 e - an uncursed ring of resist corrosion {unknown}
 n - a cursed +4 amulet of reflection {unknown}
Potions
 g - a potion of haste {unknown}
 h - a potion of agility {unknown}
 j - 2 potions of lignification {unknown}
 l - 3 potions of curing {unknown}
 m - a potion of heal wounds {unknown}
 o - a potion of magic {unknown}
Books
 b - a book of Conjurations

   Spells                             Type                      Level
   a - Magic Dart                     Conjuration                  1
   b - Searing Ray                    Conjuration                  2
   c - Dazzling Spray                 Conjuration/Hexes            3
   d - Fulminant Prism                Conjuration/Hexes            4
   e - Force Lance                    Conjuration/Translocation    4
   f - Iskenderun's Mystic Blast      Conjuration                  4
Comestibles
 c - 3 rations


   Skills:
 - Level 2.3 Dodging
 - Level 2.1 Stealth
 - Level 2.6 Spellcasting
 + Level 5.1 Conjurations


You had one spell level left.
You knew the following spells:

 Your Spells              Type           Power        Failure   Level  Hunger
a - Magic Dart            Conj           ###.         2%          1    #......
b - Searing Ray           Conj           ###...       3%          2    ##.....
c - Fulminant Prism       Conj/Hex       ##........   56%         4    #####..


Dungeon Overview and Level Annotations

Branches:
Dungeon (3/15)

Altars:
Qazlal
Sif Muna
Uskayaw


Message History

The magic dart hits the worker ant.
The worker ant is severely wounded.
The adder bites you. The worker ant bites you.
You are lethally poisoned!
The worker ant poisons you!
Casting: Magic Dart
Confirm with . or Enter, or press ? or * to list all spells.
You don't have enough magic to cast that spell.
Unknown command.
You feel sick. The adder bites you but does no damage.
The worker ant bites you.
* * * LOW HITPOINT WARNING * * *
The adder misses you.
You climb upwards.
* * * LOW HITPOINT WARNING * * *
You feel sick.
There is a stone staircase leading down here.
* * * LOW HITPOINT WARNING * * *
You feel sick. The worker ant bites you.
You die...

######.# .......# .#####.# .# #.#
.#####.###### ###############
.#..........# #.......(......
.#..........# #.#############
.#..........#######.#### ###
.#............S>@......#######.##
.#..........###a###.####≈≈≈≈≈##.#
.........^####....#.###≈≈≈≈≈≈≈#..
#########.# #..#.#..##≈≈...≈≈#..
#####.# #..#.#...'..._.≈≈##.
#...#.####.(..#.###≈≈...≈≈##.
#...#..)......#.# #≈≈≈≈≈≈≈###
#.............#.####≈≈≈≈≈## #
#...#######...#.#.######## #


You could see a worker ant and an adder.

Vanquished Creatures
  2 adders (D:2)
  An ooze (D:2)
  2 dart slugs (D:2)
  A leopard gecko (D:1)
  2 giant cockroaches
  3 hobgoblins
  2 jackals (D:2)
  5 kobolds
  A quokka (D:2)
  5 bats (D:1)
  A frilled lizard (D:2)
  14 goblins
  5 rats
44 creatures vanquished.

Notes
Turn   | Place    | Note
-------+----------+-------------------------------------------
     0 | D:1      | Zubo the Human Conjurer began the quest for the Orb.
     0 | D:1      | Reached XP level 1. HP: 13/13 MP: 3/3
   249 | D:1      | Reached XP level 2. HP: 19/19 MP: 1/5
   909 | D:1      | Reached XP level 3. HP: 7/24 MP: 0/6
  1963 | D:2      | Reached XP level 4. HP: 30/30 MP: 4/7
  1980 | D:2      | Found a stormy altar of Qazlal.
  2124 | D:2      | Found a faded altar of an unknown god.
  2215 | D:2      | Reached skill level 5 in Conjurations
  2243 | D:2      | Found a hide-covered altar of Uskayaw.
  2331 | D:2      | Noticed a hand axe
  2332 | D:2      | Noticed a dagger
  2493 | D:2      | Found a deep blue altar of Sif Muna.
  2539 | D:2      | Became a worshipper of Sif Muna the Loreminder
  2633 | D:3      | Learned a level 2 spell: Searing Ray
  2638 | D:3      | Learned a level 4 spell: Fulminant Prism
  2654 | D:2      | Slain by a worker ant

Skill      XL: |  1  2  3  4 |
---------------+-------------+-----
Conjurations   | 5 |  5.1
Dodging        | |  2.3
Stealth        | |  2.1
Spellcasting   | |  2.6

Action                   |  1- 3 |  4- 6 || total
-------------------------+-------+-------++-------
Melee: Unarmed           |    27 |       ||    27
       Dagger            |       |     5 ||     5
 Cast: Magic Dart        |    66 |    38 ||   104
  Eat: Chunk             |     4 |     2 ||     6
Armor: Robe              |     3 |     1 ||     4
Dodge: Dodged            |    16 |    15 ||    31
